Map: Frozen Temple

Players

jza - Winner!

  • Race: Zerg Zerg

blackxored

  • Race: Zerg Zerg
  • League: Diamond

VOD

Have the link to the VOD?

Description

Time

  • Played on: June 30, 2016, 4:18 p.m.
  • Length: 13:06
Show
View Real Time Build Order
Export as new Build Order

jza Zerg - Winner!

Build Orders: Hatch First 

Get SALT Encoding   

  12  0:01  Drone  
  13  0:10  Drone  
  14  0:17  Overlord  
  14  0:36  Drone x3  
  17  0:54  Hatchery  
  17  0:56  Drone  
  17  1:01  Extractor  
  17  1:03  Drone  
  17  1:10  Drone  
  18  1:17  Spawning Pool  
  17  1:22  Drone  
  18  1:29  Overlord  
  18  1:40  Drone  
  19  1:54  Drone  
  20  2:05  Queen  
  20  2:07  Queen  
  24  2:08  Drone  
  24  2:09  Metabolic Boost  
  24  2:14  Drone  
  26  2:16  Drone  
  26  2:17  Zergling x2  
  28  2:23  Drone  
  29  2:30  Baneling Nest  
  29  2:32  Drone  
  29  2:37  Drone  
  29  2:38  Drone  
  31  2:44  Overlord  
  31  2:48  Queen  
  31  2:50  Drone  
  34  2:56  Drone  
  35  3:00  Drone  
  36  3:05  Spine Crawler  
  36  3:08  Zergling x2  
  36  3:12  Zergling x2  
  36  3:17  Zergling x6  
  39  3:20  Zergling x2  
  39  3:24  Zergling x2  
  41  3:30  Zergling x2  
  43  3:36  Zergling x2  
  43  3:39  Baneling  
  44  3:42  Overlord  
  44  3:51  Overlord x2  
  44  3:59  Zergling x2, Hatchery  
  44  4:00  Zergling x4  
  46  4:02  Baneling  
  46  4:03  Baneling x2  
  46  4:15  Zergling x8  
  47  4:29  Zergling x10  
  50  4:42  Zergling x4  
  51  4:49  Lair  
  51  4:52  Drone x2  
  51  4:53  Roach Warren  
  51  4:54  Extractor  
  51  4:58  Baneling x3  
  49  5:03  Drone x2  
  51  5:09  Baneling x5  
  51  5:10  Baneling  
  51  5:14  Drone x3  
  47  5:32  Zergling x6  
  47  5:33  Zergling x10  
  54  5:36  Drone x2  
  54  5:37  Drone  
  55  5:44  Drone  
  55  5:47  Overlord x2, Extractor  
  55  5:48  Extractor  
  53  5:54  Drone  
  54  6:03  Drone x2  
  56  6:05  Drone  
  56  6:10  Glial Reconstitution  
  56  6:17  Drone x2  
  56  6:18  Drone x7  
  66  6:25  Drone x2  
  66  6:26  Drone x2  
  66  6:31  Overlord  
  69  6:34  Overlord  
  69  6:43  Roach x5  
  69  6:45  Drone x2  
  69  6:46  Drone x2  
  79  6:48  Spine Crawler  
  78  6:54  Spore Crawler  
  78  6:56  Spore Crawler  
  78  6:58  Queen  
  78  7:00  Spore Crawler  
  77  7:02  Roach, Spore Crawler  
  77  7:03  Roach  
  77  7:04  Spore Crawler  
  77  7:07  Hydralisk Den  
  78  7:12  Spore Crawler  
  78  7:15  Drone x4  
  80  7:17  Drone  
  80  7:18  Drone, Spore Crawler  
  81  7:33  Overlord x2  
  81  7:34  Overlord x2  
  80  7:52  Drone x6  
  82  8:06  Drone x7  
  82  8:07  Drone x3  
  82  8:08  Queen  
  82  8:12  Drone, Spore Crawler  
  83  8:13  Drone x3  
  83  8:16  Extractor  
  83  8:18  Roach  
  83  8:22  Roach x2  
  87  8:31  Hydralisk x3  
  93  8:35  Overseer  
  93  8:39  Roach x3  
  99  8:42  Roach x3  
  105  8:50  Extractor  
  105  8:52  Hydralisk  
  106  9:00  Overlord  
  106  9:01  Overlord x4  
  106  9:17  Overlord  
  106  9:18  Overlord x4  
  106  9:23  Hydralisk x4  
  114  9:28  Roach  
  114  9:29  Roach x2  
  120  9:34  Hydralisk x2  
  120  9:35  Hydralisk  
  126  9:41  Roach  
  128  9:46  Hydralisk x2, Hatchery  
  128  9:49  Zergling x2  
  132  9:55  Roach  
  134  10:05  Hydralisk x7  
  134  10:06  Hydralisk x3  
  152  10:20  Hydralisk  
  152  10:21  Hydralisk x3  
  154  10:23  Hatchery  
  159  10:34  Hydralisk x4  
  167  10:41  Roach  
  167  10:42  Roach  
  171  10:51  Roach x3  
  171  10:52  Roach x2  
  181  11:10  Roach x2  
  170  11:28  Roach  
  170  11:29  Roach x10  
  170  11:30  Roach x2, Spore Crawler  
  170  11:32  Spine Crawler x2  
  180  11:36  Spine Crawler x2  
  169  11:47  Roach x4  
  169  11:48  Roach x2  
  169  11:52  Hydralisk  
  176  12:00  Drone  
  177  12:07  Spore Crawler  
  176  12:13  Spore Crawler  
  161  12:24  Roach x4  
Show
View Real Time Build Order
Export as new Build Order

blackxored Zerg 

Build Orders: Hatch First 

Get SALT Encoding   

  12  0:01  Drone  
  13  0:08  Drone  
  14  0:22  Overlord, Extractor  
  14  0:26  Drone  
  15  0:48  Drone x3  
  18  0:59  Drone  
  19  1:04  Hatchery  
  19  1:06  Extractor  
  17  1:17  Spawning Pool  
  16  1:19  Drone  
  16  1:21  Drone  
  18  1:31  Drone  
  19  1:42  Overlord  
  19  1:58  Drone  
  20  2:06  Zergling x2, Spine Crawler  
  20  2:08  Queen  
  22  2:16  Zergling x4  
  22  2:19  Queen  
  22  2:22  Metabolic Boost  
  27  2:32  Zergling x4  
  29  2:51  Baneling Nest, Drone x2  
  29  2:52  Drone x2  
  32  3:10  Hatchery  
  32  3:12  Drone  
  31  3:13  Overlord  
  31  3:18  Overlord  
  31  3:20  Overlord  
  31  3:28  Lair  
  31  3:35  Drone x2  
  31  3:37  Baneling  
  31  3:38  Baneling  
  33  3:43  Drone x2  
  33  3:44  Drone  
  36  3:49  Drone x2  
  36  3:51  Drone  
  39  3:56  Drone  
  39  3:57  Drone  
  41  4:08  Zergling x10  
  45  4:29  Zergling x2  
  45  4:30  Zergling x14  
  50  4:46  Zergling x2  
  50  4:47  Zergling x2  
  52  4:53  Drone  
  52  4:54  Extractor, Drone  
  52  4:56  Spire  
  52  4:58  Drone  
  52  4:59  Extractor  
  52  5:00  Extractor  
  52  5:05  Drone  
  52  5:11  Baneling  
  52  5:13  Baneling x2  
  52  5:18  Drone x2  
  52  5:20  Drone  
  52  5:21  Hatchery  
  53  5:23  Drone  
  53  5:25  Drone x2  
  49  5:35  Drone x3  
  51  5:48  Overlord x4  
  50  5:51  Overlord  
  50  5:52  Overlord x2  
  50  5:55  Baneling x2  
  50  5:57  Overlord  
  50  5:58  Overlord  
  50  6:01  Overlord  
  50  6:14  Mutalisk  
  50  6:15  Mutalisk x2  
  56  6:19  Zerg Flyer Armor Level 1  
  56  6:24  Mutalisk  
  58  6:37  Drone  
  59  6:40  Queen, Mutalisk x2  
  65  6:50  Drone x7  
  65  6:53  Mutalisk  
  74  7:03  Drone  
  74  7:04  Drone x2  
  74  7:05  Mutalisk  
  74  7:06  Mutalisk  
  81  7:23  Mutalisk x2  
  81  7:25  Zergling x2  
  81  7:26  Zergling x10  
  91  7:36  Mutalisk  
  93  7:49  Mutalisk  
  93  7:50  Mutalisk  
  95  7:51  Overlord  
  95  7:53  Overlord  
  95  7:58  Extractor  
  94  7:59  Extractor  
  79  8:16  Mutalisk x2  
  79  8:18  Extractor  
  82  8:25  Drone x3  
  85  8:27  Drone x2  
  85  8:28  Extractor  
  85  8:29  Drone  
  85  8:32  Drone x4  
  85  8:33  Drone x3  
  94  8:39  Hatchery  
  93  8:45  Infestation Pit  
  93  8:46  Drone  
  93  8:47  Drone, Evolution Chamber x2  
  92  8:52  Drone x3  
  92  8:53  Drone x2  
  92  8:54  Queen  
  99  9:02  Drone x5  
  104  9:16  Overseer  
  104  9:20  Zerg Melee Weapons Level 1  
  104  9:21  Zerg Ground Armor Level 1  
  104  9:22  Hive  
  104  9:29  Drone x12  
  116  9:37  Extractor  
  116  9:38  Extractor, Zergling x4  
  116  9:53  Drone x3  
  116  9:54  Drone x3  
  116  9:55  Drone x2  
  116  9:56  Drone  
  116  9:57  Zergling x4  
  127  10:10  Zergling x2  
  127  10:11  Zergling x8  
  122  10:38  Ultralisk Cavern  
  122  10:42  Mutalisk x2  
  121  10:43  Mutalisk x7  
  121  10:44  Mutalisk x2  
  139  10:50  Zergling x2  
  139  10:51  Zergling x8  
  76  11:31  Ultralisk  
  76  11:32  Ultralisk x4  
  98  11:55  Overlord x4  
  85  12:03  Hatchery  
  48  12:28  Zergling x6  
  44  12:58  Hatchery  
Tags
 
Add a new tag
Caveats
  • Supply blocks, unpowered buildings, or Contaminate may cause inaccurate times.
  • Supply counts are checked every 10 seconds.